 Dungeon Crawl Stone Soup version 0.29.1-12-g30fa7ad0bf (webtiles) character file.

Game seed: 3865540167281062678

74 Cheops the Poker (level 4, -1/39 HPs)
             Began as a Minotaur Fighter on Dec 12, 2022.
             Slain by a gnoll
             ... wielding a +0 halberd
              (4 damage)
             ... on level 3 of the Dungeon.
             The game lasted 00:03:07 (1606 turns).

Cheops the Poker (Minotaur Fighter)                 Turns: 1606, Time: 00:03:07

Health: -1/39      AC:  9    Str: 22    XL:     4   Next: 10%
Magic:  3/3        EV:  7    Int:  5    God:
Gold:   161        SH:  4    Dex: 10    Spells: 3/3 levels left

rFire   . . .      SeeInvis +   a - +0 trident
rCold   . . .      Faith    .   c - +0 buckler
rNeg    . . .      Spirit   .   m - +0 chain mail
rPois   .          Reflect  .   (helmet restricted)
rElec   .          Harm     .   (no cloak)
rCorr   .          Rampage  .   (no gloves)
Will    .....                   (no boots)
Stlth   ..........              (no amulet)
HPRegen 0.13/turn               r - ring of see invisible
MPRegen 0.08/turn               (no ring)

@: no status effects
A: horns 2, retaliatory headbutt
a: no special abilities


You were on level 3 of the Dungeon.
You visited 1 branch of the dungeon, and saw 3 of its levels.

You collected 161 gold pieces.

Inventory:

Hand Weapons
 a - a +0 trident (weapon)
Armour
 c - a +0 buckler (worn)
 m - a +0 chain mail (worn)
Magical Staves
 e - a staff of air
Jewellery
 r - a ring of see invisible (left hand)
Scrolls
 g - 2 scrolls of poison {unknown}
 h - 2 scrolls of enchant weapon {unknown}
 k - a scroll of identify {unknown}
 n - a scroll of fear {unknown}
 o - a scroll of vulnerability {unknown}
 p - a scroll of enchant armour {unknown}
 s - a scroll of teleportation {unknown}
 t - a scroll of butterflies {unknown}
Potions
 d - a potion of might
 f - a potion of brilliance {unknown}
 i - 3 potions of lignification {unknown}
 j - 2 potions of flight {unknown}
 l - a potion of heal wounds {unknown}
 q - 2 potions of curing {unknown}


   Skills:
 - Level 3.6 Fighting
 + Level 5.3 Polearms
 - Level 3.6 Armour
 - Level 3.6 Shields


You had 3 spell levels left.
You didn't know any spells.
Your spell library was empty.

Dungeon Overview and Level Annotations

Branches:
Dungeon (3/15)

Altars:


Innate Abilities, Weirdness & Mutations

You have a pair of horns on your head.
You reflexively headbutt those who attack you in melee.


Message History

The orc hits you with a +0 short sword.
The gnoll shouts!
You hit the orc. Your headbutt misses the orc.
The orc is severely wounded.
The orc hits you but does no damage.
You closely miss the orc.
The orc is severely wounded.
The orc hits you with a +0 short sword.
You barely miss the orc.
The orc is severely wounded.
You block the orc's attack.
You barely miss the orc.
The orc is severely wounded.
The orc closely misses you. You furiously retaliate!
You headbutt the orc!
You kill the orc!
You barely miss the gnoll. The gnoll barely misses you. x2
You barely miss the gnoll.
The gnoll hits you but does no damage. x2
You hit the gnoll.
The gnoll is lightly wounded.
The gnoll barely misses you. The gnoll hits you but does no damage.
The gnoll hits you from afar with a +0 halberd!
The gnoll hits you but does no damage.
You puncture the gnoll!
The gnoll is severely wounded.
You block the gnoll's attack. The gnoll closely misses you.
You hit the gnoll but do no damage.
The gnoll is severely wounded.
The gnoll barely misses you. The gnoll hits you with a +0 club.
You hit the gnoll.
You kill the gnoll!
The gnoll hits you from afar with a +0 halberd.
* * * LOW HITPOINT WARNING * * *
You have reached level 4!
You feel agile. The gnoll hits you with a +0 halberd!
* * * LOW HITPOINT WARNING * * *
Items here: )) ††.
You puncture the gnoll!
The gnoll is heavily wounded.
The gnoll hits you with a +0 halberd.
You die...

#....<#.#..##.#.#
#...#.#....##.#.#
#...#.####.##.#.# ##. #.#
#..#.#.# #. #.# ##.#.#.#
. #.#####.#.#.## # ..
#...........#.
....#################..#.
....'...@gg............#.
....#################....
. ###.. #.. #.. ##. ##


You could see 2 gnolls.

Vanquished Creatures
  A gnoll (D:3)
  2 adders (D:2)
  3 dart slugs
  An orc (D:3)
  7 endoplasms
  2 giant cockroaches
  3 goblins
  4 hobgoblins
  5 kobolds
  A quokka (D:1)
  2 ball pythons
  2 bats
  4 frilled lizards (D:1)
  2 rats (D:1)
39 creatures vanquished.

Vanquished Creatures (others)
  4 toadstools (D:2)
4 creatures vanquished.

Grand Total: 43 creatures vanquished

Notes
Turn   | Place    | Note
-------+----------+-------------------------------------------
     0 | D:1      | Cheops the Minotaur Fighter began the quest for the Orb.
     0 | D:1      | Reached XP level 1. HP: 19/19 MP: 0/0
   121 | D:1      | Reached skill level 3 in Polearms
   125 | D:1      | Reached XP level 2. HP: 26/26 MP: 1/1
   350 | D:1      | Reached skill level 4 in Polearms
   868 | D:2      | Reached XP level 3. HP: 31/31 MP: 2/2
   974 | D:2      | Found a faded altar of an unknown god.
  1182 | D:2      | Reached skill level 5 in Polearms
  1605 | D:3      | Reached XP level 4. HP: 15/39 MP: 3/3
  1606 | D:3      | Slain by a gnoll

Illustrated notes

Levels and vault maps discovered:
D:1:      dpeg_arrival_ternary, layout_rooms, chequers_jeans,
          hangedman_decor_riveting
D:2:      layout_rooms, shapermc_ecumenical_altar_mp_ritualfount,
          minmay_gold_behind_fungi
D:3:      minmay_roachtagon, layout_basic, nicolae_overflow_hidden_temple,
          grunt_temple_overflow_open, serial_shops,
          nicolae_shop_competitors_out_of_business, minmay_statues_item,
          palyth_stone_intersect, uniq_jessica

Skill      XL: |  1  2  3 |
---------------+----------+-----
Polearms       | 3 4 5 |  5.3
Fighting       | |  3.6
Armour         | |  3.6
Shields        | |  3.6

Action                   |  1- 3 |  4- 6 || total
-------------------------+-------+-------++-------
Melee: Trident           |   109 |     1 ||   110
       Headbutt          |     4 |       ||     4
Armor: Scale mail        |    14 |       ||    14
       Chain mail        |    15 |       ||    15
Dodge: Dodged            |    34 |       ||    34
Block: Buckler           |    13 |       ||    13
